[Event "*** Titled Tuesday Blitz"]
[Site "Chess.com"]
[Date "2019.03.05"]
[Round "9"]
[White "KhalilMousavi77"]
[Black "Dyadya81"]
[Result "1-0"]
[WhiteElo "2701"]
[BlackElo "2761"]
[TimeControl "180+2"]
[EndTime "15:14:43 PST"]
[Termination "KhalilMousavi77 won on time"]

1. c4 e5 2. Nc3 Bb4 3. g3 Bxc3 4. bxc3 Ne7 5. Bg2 O-O 6. e4 b6 7. Ne2 Bb7 8. O-O f5 9. d3 d6 10. f3 Nd7 11. Be3 a5 12. Qd2 Nf6 13. Bh3 Bc8 14. Bg2 Bb7 15. Bh3 Bc8 16. Bg2 Be6 17.
h3 Qd7 18. Kh2 Rf7 19. Rf2 Raf8 20. Raf1 h6 21. Qc1 Kh7 22. Qd2 g5 23. f4 exf4 24.
gxf4 g4 25. Ng3 h5 26. e5 h4 27. exf6 hxg3+ 28. Kxg3 Rxf6 29. hxg4 fxg4 30. Rh1+ Kg8 31. Be4 d5 32. Bh7+ Kf7 33. Bd4 Rf5 34. Bxf5 Nxf5+ 35. Kg2 Ke8 36. Re2 Kd8 37. Qe1 Bf7 38. c5 Nxd4 39.
cxd4 bxc5 40. Qxa5 c4 41. Rhe1 cxd3 42. Re7 Qxe7 43. Rxe7 Kxe7 44. Qxc7+ Kf6 45. Qe5+ Kg6 46. Qg5+ Kh7 47. Qf5+ Kg7 48. Qxd3 Bg6 49. Qe3 Be4+ 50.
Kg3 Bf3 51. Qe5+ Kg8 52. f5 Be4 53. Kxg4 Ra8 54. f6 1-0

[Event "*** Titled Tuesday Blitz"]
[Site "Chess.com"]
[Date "2019.03.05"]
[Round "9"]
[White "r31415"]
[Black "diskeleven"]
[Result "1/2-1/2"]
[WhiteElo "2324"]
[BlackElo "2275"]
[TimeControl "180+2"]
[EndTime "15:14:44 PST"]
[Termination "Game drawn - insufficient material"]

1. c4 c5 2. Nf3 g6 3. g3 Bg7 4. Bg2 Nc6 5. O-O d6 6. Nc3 e5 7. Rb1 Nge7 8. a3 a5 9. e3 Be6 10. Qe2 h6 11. Rd1 O-O 12. Ne1 Qd7 13.
Nd5 Rab8 14. Nc2 Bg4 15. f3 Bf5 16. e4 Be6 17. b4 axb4 18. axb4 cxb4 19. Ncxb4 Nd4 20.
Qd3 Nec6 21. Bb2 b5 22. Nxc6 Nxc6 23. cxb5 Bxd5 24. exd5 Nb4 25. Qb3 Qxb5 26. Ba3 Qb6+ 27. Kh1 Nxd5 28. Qd3 Qa5 29. Bxd6 Rxb1 30. Rxb1 Rd8 31.
Ba3 Nf4 32. Qc3 Qxc3 33. dxc3 Nxg2 34. Kxg2 Rd2+ 35. Kg1 Rc2 36. Rc1 Rxc1+ 37. Bxc1 Kf8 38. Kf2 Ke8 39. Ke3 f5 40. Kd3 Kd7 41. Kc4 Kc6 42. Ba3 h5 43. Be7 Bh8 44. Bd8 Bg7 45. Be7 e4 46.
fxe4 fxe4 47. Bc5 h4 48. Bd4 hxg3 49. hxg3 Bh6 50. Be5 e3 51. Kd3 Kd5 52. Bf4 e2 53. Kxe2 Bxf4 54. gxf4 Ke4 55. c4 Kxf4 56. Kd3 Ke5 57.
Ke3 g5 58. Kf3 Kd4 59. Kg4 Kxc4 60. Kxg5 1/2-1/2

[Event "*** Titled Tuesday Blitz"]
[Site "Chess.com"]
[Date "2019.03.05"]
[Round "9"]
[White "TheBigBadChessDad"]
[Black "King_of_the_wing"]
[Result "1/2-1/2"]
[WhiteElo "2355"]
[BlackElo "2142"]
[TimeControl "180+2"]
[EndTime "15:14:44 PST"]
[Termination "Game drawn by stalemate"]

1. d4 e6 2. Nf3 f5 3. c4 Nf6 4. d5 Bd6 5. dxe6 dxe6 6. Nc3 e5 7. c5 Bxc5 8. Qxd8+ Kxd8 9. Nxe5 Re8 10. Nd3 Bb6 11.
Bg5 Be6 12. O-O-O Nd7 13. e3 Kc8 14. Nf4 Bf7 15. Bd3 Ne4 16. Bxe4 fxe4 17. Nfd5 Nc5 18.
Kb1 Nd3 19. Rd2 Ba5 20. Nf4 Bxc3 21. bxc3 h6 22. Bh4 Nxf4 23. exf4 c6 24. Rhd1 Rb8 25.
f5 Bd5 26. c4 Bxc4 27. Rd8+ Rxd8 28. Rxd8+ Kc7 29. Rd4 Bd3+ 30. Kb2 Rf8 31. g4 c5 32.
Bg3+ Kc6 33. Rd6+ Kb5 34. Rd7 Ka6 35. Rxg7 Rc8 36. Kc3 Rc6 37. Rg6 Rxg6 38. fxg6 e3 39.
g7 e2 40. f4 Bh7 41. f5 Kb6 42. h4 Kc6 43. g5 hxg5 44. hxg5 Kd5 45. g6 Bg8 46. f6 Ke6 47. f7 Bxf7 48. gxf7 Kxf7 49.
Kc4 Kxg7 50. Kxc5 Kf7 51. Kd6 Ke8 52. Kc7 b5 53. Be1 Ke7 54. Kb7 a5 55. Ka6 Kd6 56. Kxb5 Kc7 57. a4 Kb8 58. Kxa5 Ka8 59. Kb6 Kb8 60. a5 Ka8 61. Kc5 Kb8 62. Kd4 Ka8 63. Ke3 Kb8 64. Kxe2 Ka8 65. Kd3 Kb8 66. Kc4 Ka8 67. Kb5 Kb8 68. Ka6 Ka8 69. Bb4 Kb8 70. Kb5 Ka8 71. Bd6 Kb7 72. Be5 Ka8 73. Kc6 Ka7 74.
Bc7 Ka8 75. Bd8 Ka7 76. Kc7 Ka8 77. Kc8 Ka7 78. Bc7 Ka8 79. Kd7 Ka7 80. Kc6 Ka8 81.
Kb6 1/2-1/2

[Event "*** Titled Tuesday Blitz"]
[Site "Chess.com"]
[Date "2019.03.05"]
[Round "9"]
[White "KyronGriffith"]
[Black "BlackBoarder"]
[Result "1-0"]
[WhiteElo "2367"]
[BlackElo "2515"]
[TimeControl "180+2"]
[EndTime "15:14:47 PST"]
[Termination "KyronGriffith won by resignation"]

1. e4 e6 2. d4 d5 3. Nd2 c5 4. Ngf3 cxd4 5. exd5 Qxd5 6. Bc4 Qd6 7. O-O Nf6 8. Re1 Nc6 9. Ne4 Nxe4 10. Rxe4 Be7 11. Bf4 Qc5 12. Bd3 Bd7 13. a3 Qb6 14. b4 O-O-O 15. b5 Na5 16. Ne5 Be8 17. a4 f6 18. Nc4 Nxc4 19. Bxc4 e5 20. Bg3 Bg6 21.
Re1 Qc5 22. Bb3 Qc7 23. h4 Bb4 24. Rf1 Bc3 25. Rb1 Kb8 26. b6 Qxb6 27. Bd5 Rxd5 28.
Rxb6 axb6 29. h5 Bf7 30. Qg4 g6 31. hxg6 hxg6 32. Rb1 Ba5 33. Qf3 Rd6 34. Qe4 Rc8 35.
f4 Rdc6 36. fxe5 fxe5 37. Bxe5+ Ka7 38. Bxd4 Rxc2 39. Rf1 Rc1 40. Qe5 Rxf1+ 41. Kxf1 Bc4+ 42. Kf2 Ka8 43. g4 Rc6 44. Qe8+ Ka7 45. Be5 b5 46. Qb8+ Ka6 47. Qa8+ Kb6 48. Bd4+ Kc7 49. Qxa5+ Kd7 50. axb5 Rd6 51. Be3 Rd5 52. Qa8 Rxb5 53. Qf8 Rb3 54.
Qg7+ Kc6 55. Qxg6+ Kd5 56. Qf5+ Kc6 57. Qe4+ Kb5 58.
Qxb7+ 1-0

[Event "*** Titled Tuesday Blitz"]
[Site "Chess.com"]
[Date "2019.03.05"]
[Round "9"]
[White "RiskyDecision"]
[Black "mikhaillushenkov"]
[Result "0-1"]
[WhiteElo "2430"]
[BlackElo "2616"]
[TimeControl "180+2"]
[EndTime "15:14:51 PST"]
[Termination "mikhaillushenkov won on time"]

1. d4 Nf6 2. c4 e6 3. g3 Bb4+ 4. Bd2 c5 5. Bxb4 cxb4 6. Bg2 O-O 7. e4 d6 8. Ne2 e5 9. O-O a5 10. a3 Na6 11. axb4 Nxb4 12. Na3 b6 13. Qd2 Bb7 14. Nc3 Rc8 15. Rad1 Qe7 16. Rfe1 h6 17. f4 Nc6 18. Nab5 Ba6 19. b3 Rfd8 20. Bh3 Rb8 21. fxe5 dxe5 22. d5 Bxb5 23. Nxb5 Nb4 24. d6 Qf8 25. Qc3 Nc6 26. Qe3 Nd7 27. Rf1 Nc5 28. Rf5 f6 29. Rf2 Qf7 30. Bf5 Ne6 31. Bxe6 Qxe6 32.
Nc7 Qd7 33. Nb5 Qf7 34. Rfd2 Rd7 35. Rd5 Nb4 36. R5d2 Na6 37. Rd5 Nc5 38. R5d2 Ne6 39.
Re1 h5 40. Kg2 h4 41. Rf1 Qh5 42. Qf3 h3+ 43. Kf2 Qf7 44. Qf5 Ng5 45. Re1 g6 46. Qg4 Kg7 47. Kg1 Rh8 48. Rf2 Qe6 49. Qe2 Rf8 50. Ref1 f5 51. exf5 Rxf5 52. Qe3 Rdf7 53.
Rxf5 Rxf5 54. Rxf5 Qxf5 55. Qe2 Nf3+ 56. Kf1 Nxh2+ 57. Ke1 Nf3+ 58. Kf2 Nd4+ 0-1

[Event "*** Titled Tuesday Blitz"]
[Site "Chess.com"]
[Date "2019.03.05"]
[Round "9"]
[White "penguingm1"]
[Black "joppie2"]
[Result "0-1"]
[WhiteElo "2884"]
[BlackElo "2800"]
[TimeControl "180+2"]
[EndTime "15:14:54 PST"]
[Termination "joppie2 won by resignation"]

1. d4 Nf6 2. c4 e6 3. Nc3 Bb4 4. Qc2 O-O 5. Nf3 d5 6. Bg5 dxc4 7. e4 c5 8. e5 h6 9. Bxf6 gxf6 10. dxc5 Nc6 11. Bxc4 fxe5 12. O-O Bxc5 13. Rad1 Nd4 14. Qe4 Nxf3+ 15. Qxf3 Bd4 16. Ne2 Qh4 17. Nxd4 exd4 18. g3 Qg5 19. Rxd4 e5 20. Rd6 Bh3 21. Rfd1 Bg4 22.
Qd3 Kg7 23. Re1 Rad8 24. h4 Qe7 25. Rxd8 Rxd8 26. Qe4 h5 27. Qxe5+ Qxe5 28. Rxe5 Rd2 29. Re7 Rxb2 30. Rxf7+ Kg6 31. Rf4 b5 32. Bd3+ Kg7 33.
a4 b4 34. Rc4 b3 35. Rb4 Bf3 36. Rf4 Bd5 37. Rd4 Bf3 38. Rf4 Bc6 39. Rc4 Bf3 40.
Rc7+ Kf6 41. Rc3 Bd5 42. Rc5 Ke6 43. Bc4 Bxc4 44. Rxc4 Rc2 45. Rb4 b2 46. Kg2 Kd5 47. Kf3 Kc5 48. Rb5+ Kc4 49. Kf4 a6 50. Rb8 Rxf2+ 51.
Kg5 Kc3 52. Kxh5 Kc2 53. g4 b1=Q 54. Rxb1 Kxb1 55. g5 Kc2 56. Kg6 Rf4 57. h5 Rxa4 58. h6 Rh4 59. h7 a5 60. Kg7 a4 61. h8=Q Rxh8 62. Kxh8 a3 63. g6 a2 64. g7 a1=Q 65.
Kh7 Qh1+ 66. Kg8 Qd5+ 67. Kh7 Qh5+ 68. Kg8 Kd3 69. Kf8 Qf5+ 70. Kg8 Ke4 0-1

[Event "*** Titled Tuesday Blitz"]
[Site "Chess.com"]
[Date "2019.03.05"]
[Round "9"]
[White "Marcus_Harvey"]
[Black "GianmarcoVaR"]
[Result "1-0"]
[WhiteElo "2592"]
[BlackElo "2493"]
[TimeControl "180+2"]
[EndTime "15:14:54 PST"]
[Termination "Marcus_Harvey won on time"]

1. e4 c5 2. Ne2 d6 3. g3 Nf6 4. Bg2 g6 5. O-O Bg7 6. d4 cxd4 7. Nxd4 O-O 8. c4 Nc6 9. Nxc6 bxc6 10. e5 dxe5 11.
Bxc6 Bh3 12. Qxd8 Raxd8 13. Re1 Rc8 14. Bb5 Rfd8 15. Nc3 Rd6 16. Be3 Rc7 17. Rad1 Bg4 18.
Rxd6 exd6 19. Kg2 Bc8 20. Rd1 Bf8 21. b3 Ng4 22. Nd5 Bb7 23. Bc1 a6 24. Ba4 Nf6 25.
Bg5 Nxd5 26. cxd5 Rc5 27. Bc6 Bxc6 28. dxc6 Rxc6 29. Bf6 Bg7 30. Be7 Bf8 31. Bf6 Bg7 32. Be7 Rc7 33. Bxd6 Rd7 34. Rd2 Bh6 35. f4 exf4 36.
gxf4 f6 37. Bb4 Rb7 38. Rd4 Kf7 39. Bd2 Ke6 40. Ra4 Rb6 41. f5+ Kxf5 42. Bxh6 g5 43. h4 Rc6 44. hxg5 fxg5 45. Ra5+ Kg4 46. Bxg5 Rc2+ 47.
Kf1 h5 48. Ke1 Rc6 49. Kd2 h4 50. Bxh4 Kxh4 51. Kd3 Kg4 52. Kd4 Rf6 53. Kc5 Kf4 54. Ra4+ Ke5 55. Rc4 Rf2 56. a4 Rf6 57. Kb4 Rb6+ 58.
Ka3 Kd6 59. b4 Kd7 60. Kb3 Rf6 61. b5 axb5 62. axb5 Rf1 63. Kb4 Ra1 64. b6 Rb1+ 65.
Ka5 Ra1+ 66. Kb5 Rb1+ 67. Ka6 Ra1+ 68. Kb7 Rb1 69. Rd4+ Ke7 70. Kc7 Rc1+ 71. Kb8 Rb1 72. b7 Rb2 73. Rd5 Rb1 74. Kc7 Ke6 75. Rd6+ Ke7 76. Rb6 Rc1+ 77. Rc6 Rb1 78. b8=Q Rxb8 79. Kxb8 1-0

[Event "*** Titled Tuesday Blitz"]
[Site "Chess.com"]
[Date "2019.03.05"]
[Round "9"]
[White "Thjop"]
[Black "jocmil"]
[Result "1/2-1/2"]
[WhiteElo "2565"]
[BlackElo "2439"]
[TimeControl "180+2"]
[EndTime "15:14:55 PST"]
[Termination "Game drawn - insufficient material"]

1. e4 e6 2. d4 d5 3. Nd2 c5 4.
Ngf3 Nf6 5. e5 Ne4 6. c3 Nc6 7. Bd3 cxd4 8. Nxe4 dxe4 9. Bxe4 dxc3 10. Bxc6+ bxc6 11.
Qxd8+ Kxd8 12. bxc3 Ba6 13. Be3 Kc7 14. Nd4 Ba3 15.
Rb1 Rab8 16. Rb3 c5 17. Rxa3 cxd4 18. Bxd4 Rb1+ 19. Kd2 Rxh1 20. Rxa6 Ra8 21. h3 Rb1 22. Kc2 Rb7 23. f4 Rc8 24. Bxa7 Ra8 25. Bb6+ Kb8 26. Rxa8+ Kxa8 27. Bd4 Rc7 28. a3 Kb7 29. Kb3 Kc6 30. c4 Rb7+ 31. Kc2 Rb8 32. g3 Kb7 33. g4 Ka6 34. h4 Ka5 35. Bc5 Rc8 36. Bb4+ Ka4 37.
Kc3 Rb8 38. h5 Rd8 39. Bd6 Rc8 40. Kd4 Kb3 41. c5 Rc6 42. f5 Kxa3 43. fxe6 fxe6 44. Bf8 g6 45. hxg6 hxg6 46. Ke4 g5 47. Be7 Kb4 48.
Bxg5 Kxc5 49. Be7+ Kc4 50. Kf4 Kd5 51. Bf6 Rc8 52.
Kg5 Ke4 53. Kg6 Rg8+ 54. Bg7 Kf4 55. Kf7 Ra8 56. Kxe6 Kxg4 57. Bf6 Ra6+ 58. Kf7 Kf5 59. Ke7 Ra7+ 60. Kd6 Ra6+ 61. Ke7 Re6+ 62. Kf7 Rxe5 63. Bxe5 1/2-1/2

[Event "*** Titled Tuesday Blitz"]
[Site "Chess.com"]
[Date "2019.03.05"]
[Round "9"]
[White "StoreySniper"]
[Black "payto1"]
[Result "1-0"]
[WhiteElo "2395"]
[BlackElo "2192"]
[TimeControl "180+2"]
[EndTime "15:14:55 PST"]
[Termination "StoreySniper won by checkmate"]

1. d4 Nf6 2. Bg5 Ne4 3. Bf4 d5 4. f3 Nf6 5. Nc3 Bf5 6. g4 Bg6 7. h4 h5 8. g5 Ng8 9. Nb5 Na6 10. e3 c6 11. Nc3 Nc7 12. Bd3 Bxd3 13. cxd3 e6 14. Nge2 Bd6 15. Bxd6 Qxd6 16. f4 Ne7 17. Ng3 g6 18. Qf3 Nf5 19. Nxf5 exf5 20. O-O-O O-O 21. e4 Ne6 22. Ne2 dxe4 23. dxe4 fxe4 24. Qxe4 Rfe8 25. Qf3 Ng7 26. Ng3 Rad8 27. Ne4 Rxe4 28. Qxe4 Re8 29. Qf3 Nf5 30. d5 Re3 31. Qf2 cxd5 32. Kb1 d4 33. Rhe1 Qe6 34. Rxe3 Qxe3 35. Qxe3 dxe3 36.
Rd8+ Kg7 37. Re8 Nxh4 38. Rxe3 Ng2 39. Rf3 h4 40. Kc1 f5 41. Kd2 h3 42. Rxh3 Nxf4 43.
Rc3 Ne6 44. Ke3 b6 45. Ra3 a5 46. Rb3 f4+ 47. Kf2 Nxg5 48. Rxb6 Nf7 49. b4 axb4 50. Rxb4 g5 51. a4 Kf6 52. a5 Nd8 53. a6 Nc6 54.
Rb6 Kf5 55. Rxc6 g4 56. a7 g3+ 57. Kf3 g2 58. Kxg2 Kg4 59. Rg6+ Kf5 60. Rg8 f3+ 61.
Kxf3 Ke5 62. a8=Q Kd4 63. Rd8+ Kc5 64. Qa5+ Kc4 65. Qc7+ Kb3 66. Rb8+ Ka2 67. Qa7# 1-0

[Event "*** Titled Tuesday Blitz"]
[Site "Chess.com"]
[Date "2019.03.05"]
[Round "9"]
[White "Gentlejimmy7"]
[Black "Shant_Sargsyan"]
[Result "1/2-1/2"]
[WhiteElo "2417"]
[BlackElo "2892"]
[TimeControl "180+2"]
[EndTime "15:14:56 PST"]
[Termination "Game drawn by agreement"]

1. d4 Nf6 2. Nf3 g6 3. g3 Bg7 4. Bg2 O-O 5. O-O d5 6. c4 Nc6 7.
cxd5 Nxd5 8. Nc3 e5 9. Bg5 f6 10. Bd2 Nxc3 11. Bxc3 e4 12. Ne1 f5 13. Qb3+ Kh8 14.
Nc2 Ne7 15. Ne3 c6 16. Rad1 Nd5 17.
Nxd5 Qxd5 18. Qxd5 cxd5 19. e3 Be6 20. Rc1 Rfc8 21.
Bb4 Bf6 22. Rfd1 Kg7 23. Kf1 g5 24. Ke2 h5 25. Kd2 Kf7 26. Rxc8 Rxc8 27. Rc1 Rxc1 28. Kxc1 Bd7 29. Bf1 f4 30. Bd6 f3 31. Kd2 a6 32.
b3 Bd8 33. b4 Ke6 34. Bb8 Bb5 35. Bxb5 axb5 36. Ke1 Kf5 37. Kf1 Kg4 38. a3 Be7 39. Bc7 h4 40. Kg1 Kf5 41. Kf1 Ke6 42. Ke1 Kd7 43. Bb8 hxg3 44. hxg3 g4 45. Kd2 Kc6 46. Bf4 Bd8 47. Bb8 Be7 48. Bf4 Bf6 49. Bb8 Bd8 50. Bf4 Bb6 51. Bb8 Bd8 52. Bf4 Kd7 53. Bb8 Be7 54.
Bf4 Kc6 55. Bb8 Bxb4+ 56. axb4 Kd7 57. Ba7 Kc6 58. Bc5 Kd7 59. Kc3 Kc6 60. Be7 Kd7 61. Bg5 Kc6 62. Bf4 Kd7 63. Be5 Kc6 64. Bf6 Kd7 65. Bg5 Kc6 66. Bd8 Kd7 67. Be7 Ke6 68. Bf6 Kf5 69. Bg5 Kxg5 1/2-1/2

[Event "*** Titled Tuesday Blitz"]
[Site "Chess.com"]
[Date "2019.03.05"]
[Round "9"]
[White "2nd_life"]
[Black "DrMelekess"]
[Result "0-1"]
[WhiteElo "2409"]
[BlackElo "2705"]
[TimeControl "180+2"]
[EndTime "15:15:01 PST"]
[Termination "DrMelekess won by resignation"]

1. e4 Nc6 2. Nf3 d5 3. exd5 Qxd5 4. Nc3 Qa5 5. Bb5 Bd7 6. O-O a6 7. Bxc6 Bxc6 8. Re1 Qh5 9. Ne5 Qxd1 10. Rxd1 e6 11.
Nxc6 bxc6 12. b3 Nf6 13. Bb2 Be7 14. Ne2 O-O-O 15. f3 Kb7 16. Kf2 Bc5+ 17. d4 Be7 18. c4 Rhe8 19. g4 Nd7 20. Ng3 g6 21. f4 Bh4 22. Kf3 c5 23. Ne4 cxd4 24. Rxd4 f5 25. gxf5 exf5 26. Ng5 Bxg5 27. fxg5 Ne5+ 28. Kg3 Rxd4 29.
Bxd4 Nc6 30. Bf6 Re3+ 31. Kf2 Rh3 32. Kg2 Rd3 33. Rf1 Rd2+ 34. Rf2 Rd1 35. h4 Nb4 36. Re2 Rd7 37. h5 Nd3 38. Kf3 Nc5 39. h6 Ne4 40. Kf4 Kc6 41. Ke5 Nc5 42. Re3 Nd3+ 43. Ke6 Nc5+ 44. Ke5 Rd2 45. Be7 Nd7+ 46. Ke6 f4 47. Rf3 Re2+ 48. Kf7 Ne5+ 49. Kg7 Nxf3 50. Bf6 Nxg5 51.
Bxg5 f3 52. Bh4 f2 53. Bxf2 Rxf2 54. Kxh7 g5 55. Kg7 g4 0-1

[Event "*** Titled Tuesday Blitz"]
[Site "Chess.com"]
[Date "2019.03.05"]
[Round "9"]
[White "TheBigBoss04"]
[Black "PotapovaM"]
[Result "0-1"]
[WhiteElo "2536"]
[BlackElo "2437"]
[TimeControl "180+2"]
[EndTime "15:15:02 PST"]
[Termination "PotapovaM won by checkmate"]

1. d4 Nf6 2. c4 c5 3. d5 b5 4.
cxb5 a6 5. bxa6 g6 6. Nc3 Bg7 7. g3 O-O 8. Bg2 d6 9. Nf3 Bxa6 10. O-O Nbd7 11. Rb1 Qa5 12. Qc2 Rfb8 13. Rd1 Ng4 14. Bd2 Nge5 15. Nxe5 Nxe5 16. b3 Qa3 17. h3 Ra7 18. f4 Nd7 19. Kh2 Bc8 20. e4 h5 21.
Bf1 Ba6 22. Bg2 Bc8 23. Bc1 Qa5 24. Bb2 Kh7 25. a4 Ba6 26. Ba1 Rab7 27. Bf1 Bxf1 28.
Rxf1 c4 29. Nb5 Bxa1 30. b4 Qb6 31. Rxa1 Rc8 32. Qc3 Nf6 33. Rae1 Qa6 34. Qc2 c3 35. Rf2 Ra8 36. e5 Nxd5 37. e6 f5 38. Rd1 Nf6 39.
Nxc3 Rxb4 40. Rfd2 Rc8 41. Qa2 Rxc3 42. Rg2 Qxa4 43. Qd2 Rcb3 44. Qe1 Rb2 45. Rdd2 Rxd2 46. Qxd2 Rd4 47. Qc3 Qc4 48. Qe3 Re4 49. Qa3 Qxe6 50.
Qa7 Re2 51. Qa6 Rxg2+ 52. Kxg2 Qe4+ 53. Kh2 Qe6 54. Qd3 Ne4 55. Qc2 Qd5 56. Qc7 Qd2+ 57. Kh1 Qe1+ 58. Kh2 Qf2+ 59. Kh1 Nxg3# 0-1

[Event "*** Titled Tuesday Blitz"]
[Site "Chess.com"]
[Date "2019.03.05"]
[Round "9"]
[White "DawidCzerw"]
[Black "Walter_White_Poland"]
[Result "1-0"]
[WhiteElo "2281"]
[BlackElo "2162"]
[TimeControl "180+2"]
[EndTime "15:15:04 PST"]
[Termination "DawidCzerw won by resignation"]

1. d4 Nf6 2. c4 c5 3. d5 e6 4. Nc3 exd5 5. cxd5 d6 6. Nf3 g6 7. Bf4 a6 8. Nd2 Bg7 9. Nc4 O-O 10. Bxd6 Re8 11. Bxc5 Qc7 12. b4 Nbd7 13. d6 Qc6 14.
Na5 Ne4 15. Rc1 Bxc3+ 16. Rxc3 Nxc3 17. Nxc6 Nxd1 18. Ne7+ Kg7 19. Kxd1 Nxc5 20. bxc5 Be6 21. a3 Rad8 22. Kc2 b6 23. e4 bxc5 24. e5 f6 25.
f4 fxe5 26. fxe5 Rxe7 27. dxe7 Re8 28. Bxa6 Rxe7 29. Bd3 c4 30. Be4 Bf7 31. Kc3 Rxe5 32.
Kd4 Ra5 33. Ra1 Kf6 34. Bc6 Ke7 35. a4 Kd6 36. Bb5 Bd5 37. Rf1 Bxg2 38. Rf6+ Ke7 39.
Rf2 Ba8 40. Kxc4 Ra7 41. Kc5 Rc7+ 42. Kb6 Rb7+ 43. Ka6 Rc7 44. a5 Bd5 45. Kb6 Rc3 46. a6 Ra3 47. Rc2 g5 48. Rc7+ Kd6 49. Rxh7 g4 50.
Rh6+ Ke5 51. a7 Kf4 52. Rh7 g3 53. hxg3+ Kxg3 54. Bc6 Bxc6 55. Kxc6 Rc3+ 56. Kb7 Rb3+ 57. Kc8 Rc3+ 58. Kb8 Rb3+ 59. Rb7 1-0

[Event "*** Titled Tuesday Blitz"]
[Site "Chess.com"]
[Date "2019.03.05"]
[Round "9"]
[White "Ar4uha"]
[Black "Alexander_Moskalenko"]
[Result "1/2-1/2"]
[WhiteElo "2504"]
[BlackElo "2770"]
[TimeControl "180+2"]
[EndTime "15:15:06 PST"]
[Termination "Game drawn - insufficient material"]

1. e4 e5 2. Nf3 Nc6 3. d4 exd4 4. Nxd4 Bc5 5. Nb3 Bb6 6. Nc3 Nf6 7. Qe2 d6 8. Be3 O-O 9. O-O-O Be6 10. Kb1 Nd7 11. g4 a5 12. Nd4 Bxd4 13. Bxd4 Nxd4 14. Rxd4 Qh4 15. f3 Rfe8 16. Qd2 Nc5 17. Bb5 Red8 18. Be2 h6 19. Qe3 Re8 20. Nd5 Bxd5 21. Rxd5 b6 22. g5 Re5 23. Rxe5 dxe5 24. gxh6 Qxh6 25. Qxh6 gxh6 26. Bc4 Rd8 27. Kc1 Kg7 28. Rg1+ Kf6 29. Rg3 h5 30. h4 c6 31. Rg5 Ne6 32. Rf5+ Ke7 33. Rxe5 Rg8 34. Bxe6 fxe6 35. Rxh5 Rf8 36. e5 Rxf3 37. Rh7+ Kd8 38. h5 Rh3 39. h6 b5 40.
b3 a4 41. Kb2 axb3 42. axb3 b4 43. Kc1 Rh2 44. Kd1 c5 45. Kc1 Rh1+ 46. Kd2 Rh3 47.
Ke2 Ke8 48. Rc7 Rxh6 49. Rxc5 Rh4 50. Rc4 Rh5 51. Re4 Kd7 52. Kd3 Rh3+ 53. Re3 Rxe3+ 54. Kxe3 Kc6 55. Kd4 Kb5 56. c4+ bxc3 57. Kxc3 Kc5 58. b4+ Kd5 59. Kb3 Kxe5 60. Kc4 Kd6 61. Kb5 Kc7 62. Kc5 Kb7 63. Kd6 Kb6 64. Kxe6 Kb5 65. Kf5 Kxb4 1/2-1/2

[Event "*** Titled Tuesday Blitz"]
[Site "Chess.com"]
[Date "2019.03.05"]
[Round "9"]
[White "mlchen"]
[Black "andrzej"]
[Result "0-1"]
[WhiteElo "2369"]
[BlackElo "2305"]
[TimeControl "180+2"]
[EndTime "15:15:06 PST"]
[Termination "andrzej won by checkmate"]

1. e4 c6 2. d4 d5 3. exd5 cxd5 4. c4 Nf6 5. Nc3 Nc6 6. Nf3 Bg4 7. cxd5 Nxd5 8. Be2 g6 9. Qb3 Nb6 10. d5 Bxf3 11.
Bxf3 Nd4 12. Qd1 Bg7 13. O-O O-O 14. Be4 Nc4 15. Rb1 Nd6 16. Be3 Nxe4 17. Bxd4 Nf6 18. Re1 Qd7 19. Bxf6 exf6 20. Qd3 Rad8 21. Rbd1 f5 22.
d6 Rfe8 23. Rxe8+ Rxe8 24. b3 Re6 25. Nb5 Bf8 26. Rc1 a6 27. Nc3 Rxd6 28. Qf3 Bg7 29. h3 Rd3 30. Qe2 Rxc3 31. Rxc3 Bxc3 32. a4 Qd6 33.
Qc4 Be5 34. g3 Qc6 35. Qd3 Bf6 36. Qe3 Kg7 37. Qd3 h5 38. h4 Qe6 39. Kh2 Qe4 40. Qd2 Be5 41. Qg5 f4 42. Kh3 Qf5+ 43. Kg2 Qxg5 44. hxg5 fxg3 45. fxg3 Bd4 46. Kf3 Kf8 47. Ke4 Bb2 48. Kd5 Ke7 49. Kc5 Kd7 50. Kb6 Kc8 51.
Kc5 Bc1 52. Kd6 Bxg5 53. Ke5 Kd7 54. Kd5 f5 55. Ke5 h4 56. gxh4 Bxh4 57. Kf4 Ke6 58. b4 Be7 59. b5 axb5 60. axb5 Bc5 61. Kg5 Ke5 62. Kxg6 f4 63. Kf7 f3 64. Ke8 f2 65.
Kd7 f1=Q 66. Kc7 Qf7+ 67. Kb8 Qd7 68. b6 Bxb6 69. Ka8 Qc8# 0-1

[Event "*** Titled Tuesday Blitz"]
[Site "Chess.com"]
[Date "2019.03.05"]
[Round "9"]
[White "IakovUlivar"]
[Black "Vuk2000"]
[Result "1-0"]
[WhiteElo "2526"]
[BlackElo "2706"]
[TimeControl "180+2"]
[EndTime "15:15:12 PST"]
[Termination "IakovUlivar won by resignation"]

1. e4 e6 2. d4 d5 3. exd5 exd5 4. Nf3 Bd6 5. c4 Nf6 6. Nc3 O-O 7. cxd5 Nbd7 8. Be2 Nb6 9. Bg5 Be7 10. Bxf6 Bxf6 11.
O-O Nxd5 12. Qb3 Be6 13. Bc4 Nxc3 14. bxc3 Bxc4 15. Qxc4 Qd6 16. Rab1 b6 17. Rfe1 Rfe8 18. Qa4 Rxe1+ 19. Rxe1 c6 20. h4 h6 21. Qc4 b5 22.
Qb3 Qd5 23. Rb1 a6 24. Rc1 Qxb3 25. axb3 a5 26. Kf1 a4 27. bxa4 Rxa4 28. Ke2 Ra2+ 29. Ke3 Kf8 30. c4 b4 31. Rb1 Ra3+ 32. Ke4 b3 33.
Kd3 Ra2 34. Ke3 Ra3 35. Kd3 Ke7 36. Kc3 Ra2 37. Rb2 c5 38. Kxb3 Rxb2+ 39. Kxb2 Kd6 40. Kc3 cxd4+ 41. Kd3 Kc5 42. g3 Be7 43. Nd2 f5 44. h5 Bf6 45. f4 Kb4 46. Nf3 Kc5 47. Ne5 Bd8 48. Nf3 Bf6 49. Ne5 Bd8 50. Nf3 Bf6 51. Nd2 Kb4 52. Nf1 Kc5 53. Nh2 Bd8 54. g4 Bc7 55. gxf5 Bxf4 56. Ng4 Bg3 57. f6 gxf6 58.
Nxh6 Bf4 59. Nf5 Bg5 60. h6 Bxh6 61. Nxh6 1-0

[Event "*** Titled Tuesday Blitz"]
[Site "Chess.com"]
[Date "2019.03.05"]
[Round "9"]
[White "Karina_Oparina"]
[Black "vgyogi"]
[Result "1/2-1/2"]
[WhiteElo "2172"]
[BlackElo "2155"]
[TimeControl "180+2"]
[EndTime "15:15:16 PST"]
[Termination "Game drawn by stalemate"]

1. Nf3 d5 2. g3 Nf6 3. Bg2 e6 4. O-O c5 5. d4 cxd4 6. Nxd4 Nc6 7. c4 Be7 8. Nc3 O-O 9. cxd5 exd5 10. h3 Be6 11. Be3 Rc8 12. Rc1 Re8 13. b3 a6 14.
Na4 Nxd4 15. Qxd4 Ba3 16. Rxc8 Qxc8 17. Nb6 Qc6 18. Nc4 Bc5 19. Qxc5 Qxc5 20. Bxc5 dxc4 21. bxc4 Bxc4 22. Bxb7 Rxe2 23. Rc1 Bxa2 24. Bxa6 Re8 25. Bb5 Rc8 26. Ba6 Rc7 27. Rd1 Rd7 28. Ra1 Be6 29. Bc8 Rd8 30. Bxe6 fxe6 31. Ra7 Rd7 32. Rxd7 Nxd7 33.
Bd4 Kf7 34. g4 g6 35. Kg2 e5 36. Bb2 Ke6 37. Kf3 Nc5 38. Kg3 Nd3 39. Bc3 Nf4 40. Ba1 Ne2+ 41. Kh4 Nf4 42. f3 h6 43. Kg3 Ne2+ 44.
Kh2 Nf4 45. Bb2 Kd5 46. Bc1 g5 47. h4 Kc4 48. hxg5 hxg5 49. Bb2 Ng6 50. Kg3 Kd3 51.
Bc1 Nf4 52. Bb2 Ng6 53. Kf2 e4 54. fxe4 Kxe4 55. Bc1 Nf4 56. Bd2 Ke5 57. Bxf4+ Kxf4 58. Kf1 Kf3 59. Kg1 Kg3 60. Kh1 Kxg4 61. Kg2 Kf4 62.
Kf2 g4 63. Kg2 g3 64. Kg1 Kf3 65. Kf1 g2+ 66. Kg1 Kg3 1/2-1/2

[Event "*** Titled Tuesday Blitz"]
[Site "Chess.com"]
[Date "2019.03.05"]
[Round "9"]
[White "Keaton87"]
[Black "Hongjin"]
[Result "1-0"]
[WhiteElo "2546"]
[BlackElo "2510"]
[TimeControl "180+2"]
[EndTime "15:15:20 PST"]
[Termination "Keaton87 won by resignation"]

1. Nf3 Nf6 2. d4 d5 3. c4 e6 4.
g3 Bb4+ 5. Nc3 dxc4 6. Bg2 O-O 7. O-O Nc6 8. Qa4 Rb8 9. Rd1 Nd5 10. Qc2 b5 11. e4 Nxc3 12. bxc3 Bd6 13. e5 Be7 14. h4 Bb7 15. Ng5 Bxg5 16. Bxg5 Ne7 17. f3 h6 18. Be3 Nd5 19. Bf2 a6 20. Qd2 Qe7 21. Re1 Rfd8 22. Re4 Kf8 23. Rg4 Bc6 24. Bf1 Nb6 25.
Qf4 Nd5 26. Qd2 b4 27. cxb4 Qxb4 28. Qc2 h5 29. Rg5 g6 30. Bxc4 Qc3 31. Qxc3 Nxc3 32. Rc1 Rb1 33. Rxb1 Nxb1 34. Bxe6 fxe6 35. Rxg6 Bd5 36.
Be3 Rb8 37. Rh6 Rb2 38. Bg5 Nc3 39. g4 hxg4 40. fxg4 Ne2+ 41. Kf2 Nxd4+ 42. Ke3 Nf3 43. Bf6 Rxa2 44. Rh8+ Kf7 45. Rh7+ Kg8 46. Rxc7 Ra3+ 47. Kf4 Ra4+ 48. Kg3 Nd2 49. h5 Ne4+ 50. Kh4 Nxf6 51.
exf6 Bf3 52. Rg7+ Kf8 53. h6 Bxg4 54. Rxg4 Ra1 55. Rg7 Rh1+ 56. Kg5 Rg1+ 57. Kh5 Rh1+ 58. Kg6 Rg1+ 59. Kh7 Rf1 60. Kg6 Rg1+ 61. Kh5 Rh1+ 62.
Kg5 Rg1+ 63. Kf4 Rf1+ 64. Ke5 Rh1 65. h7 Rh6 66. Rg8+ Kf7 67. h8=Q Rxh8 68. Rxh8 1-0